 Dungeon Crawl Stone Soup version 0.18.1-48-g4cf74bf (webtiles) character file.

56 Joat the Insei (level 3, 0/24 HPs)
             Began as an Octopode Transmuter on Aug 26, 2016.
             Succumbed to an adder's poison
             ... on level 2 of the Dungeon.
             The game lasted 00:04:06 (949 turns).

Joat the Insei (Octopode Transmuter)                 Turns: 949, Time: 00:04:06

Health: 0/24       AC:  1    Str: 14    XL:     3   Next: 97%
Magic:  6/6        EV: 18    Int: 15    God:
Gold:   56         SH:  0    Dex: 18    Spells: 1 memorised, 5 levels left

rFire  + . .     SeeInvis .       - Unarmed
rCold  + . .     Gourm    .     (no shield)
rNeg   . . .     Faith    .     (helmet restricted)
rPois  +         Spirit   .     (no amulet)
rElec  +         Dismiss  .     (no ring)
rCorr  +         Reflect  .     (no ring)
SustAt .         Harm     .     (no ring)
MR     +....                    (no ring)
Stlth  ++++......               (no ring)
                                (no ring)
                                (no ring)
                                (no ring)

@: mighty, agile, lethally poisoned (0 -> -10), resistant, flying, very slightly
contaminated, somewhat resistant to hostile enchantments, stealthy
A: almost no armour, amphibious, 8 rings, constrict 8, camouflage 1, magic
resistance 1, gelatinous body 1
a: no special abilities


You were on level 2 of the Dungeon.
You were hungry.

You visited 1 branch of the dungeon, and saw 2 of its levels.

You collected 56 gold pieces.

Inventory:

Missiles
 a - 53 arrows
Scrolls
 h - 5 scrolls of identify {unknown}
Books
 b - a book of Changes

   Spells                             Type                      Level
   a - Beastly Appendage              Transmutation                1
   b - Sticks to Snakes               Transmutation                2
   c - Spider Form                    Transmutation/Poison         3
   d - Ice Form                       Ice/Transmutation            4
   e - Blade Hands                    Transmutation                5
Comestibles
 c - 2 bread rations
 d - 5 chunks of flesh
 k - 3 fruits


   Skills:
 + Level 2.2 Fighting
 + Level 2.9 Dodging
 + Level 3.5 Unarmed Combat
 - Level 2.0 Spellcasting
 - Level 2.0 Transmutations


You had 5 spell levels left.
You knew the following spells:

 Your Spells              Type           Power        Failure   Level  Hunger
q - Beastly Appendage     Trmt           #.....       12%         1    #......


Dungeon Overview and Level Annotations

Branches:
Dungeon (2/15)

Altars:
Okawaru
Trog


Innate Abilities, Weirdness & Mutations

You cannot wear most types of armour.
You are amphibious.
You can wear up to eight rings at the same time.
You can use your tentacles to constrict eight enemies at once.
Your skin changes colour to match your surroundings (Stealth).
Your rubbery body absorbs attacks (AC +1).
You are resistant to hostile enchantments.


Message History

It was a potion of beneficial mutation.
You feel resistant to hostile enchantments.
You feel fantastic!
* * * LOW HITPOINT WARNING * * *
You feel sick.
Drink which item? (? for menu, Esc to quit)
It was a potion of might.
You feel very mighty all of a sudden.
* * * LOW HITPOINT WARNING * * *
You feel sick.
Drink which item? (? for menu, Esc to quit)
It was a potion of flight.
You feel very buoyant.
You fly up into the air.
* * * LOW HITPOINT WARNING * * *
You feel sick.
Drink which item? (? for menu, Esc to quit)
It was a potion of agility.
You feel agile all of a sudden.
You die...

##.##..#.......#..
..........._......
.#.##..#.......#(#
.......#.......#.# ###.
.#.###.##.....##.##.....
## ..####.####..#.#.♣.
## ....................
.....##.#.#.........♣.♣.
.#.## #.##....@......_
.# # # #....†...♣.♣. .#
#....†....... .#
#........#.♣. .#
#............ .#
.........##..#
###.......# .##
#.#...... . #.########


There were no monsters in sight!

Vanquished Creatures
  3 adders (D:2)
  A worm (D:2)
  A giant gecko (D:1)
  A giant cockroach (D:2)
  A goblin (D:1)
  6 hobgoblins
  3 bats
  4 giant newts
  4 kobolds
  2 rats
26 creatures vanquished.

Notes
Turn   | Place    | Note
--------------------------------------------------------------
     0 | D:1      | Joat the Octopode Transmuter began the quest for the Orb.
     0 | D:1      | Reached XP level 1. HP: 13/13 MP: 3/3
   172 | D:1      | Reached XP level 2. HP: 16/18 MP: 3/5
   738 | D:2      | Reached XP level 3. HP: 24/24 MP: 4/6
   924 | D:2      | Found a bloodstained altar of Trog.
   936 | D:2      | Found an iron altar of Okawaru.
   946 | D:2      | Gained mutation: You are resistant to hostile enchantments. [potion of beneficial mutation]
   947 | D:2      | HP: 1/24 [poisoned by an adder]
   949 | D:2      | Succumbed to an adder's poison

Skill      XL: |  1  2  3 |
---------------+----------+-----
Fighting       | 2 |  2.2
Dodging        | |  2.9
Unarmed Combat | |  3.5
Spellcasting   | |  2.0
Transmutations | |  2.0

Action                   || total
-------------------------++-------
Melee: Unarmed           ||    59
       Constrict         ||    15
       Tentacles         ||     7
       Kick              ||     7
       Punch             ||     1
 Cast: Beastly Appendage ||    17
  Use: Potion            ||     5
 Stab: Sleeping          ||     4
Armor: Skin              ||     6
Dodge: Dodged            ||    38
